Workbook

Sheet PARTs 1-2-3-4
C1: European Centre for the Development of Vocational Training Europe 123, Thessaloniki, Greece cedefop.europa.eu Email: cei-applications@cedefop.europa.eu www.cedefop.europa.eu
B3: Call for Expression of Interest - CEDEFOP/2026/CEI/0001
B5: Establishment of a List of External Experts (natural persons) to assist Cedefop
B6: CEI Mailbox:
B7: CEI-applications@cedefop.europa.eu
B9: You must fill-in each cell in green. Leaving a green cell blank may invalidate your application.
B10: All cells except the green ones have been "write protected". You may not insert or delete any cell, row or column or make any change to the formatting of this excel file. Please refer also to the Specifications document and its annex II
B12: PART 1: Application Identification
B14: Full name of the applicant ^1 (Name + Surname)
B15: Status (employee; free lance …..)
B16: Private Company name ^2 (optional)
B17: Official address (as declared to the Tax Authority in your country)
B18: Postal address (if different than above)
... B23: e-mail
B24: English Proficiency level ^3 an excellent ability to communicate clearly and effectively in both spoken and written English, evidenced by at least level C.1 in all dimensions of the Common European Framework of References for Languages | E24: Please Select
B25: Education A level of education which corresponds to completed university studies of at least 3 years, attested by a diploma in at least one of the knowledge fields mentioned in point 4.3 i)
E26: Please fill in the most relevant degrees. Further details and additional degrees can be included in your CV.
E27: Title of the degree | G27: Educational Institution | H27: Field of Study / Knowledge (please select from the list)
B28: Bachelor's Degree | H28: Please Select
B29: Master's Degree (if applicable) | H29: Please Select
B30: Doctoral Degree (PhD) (if applicable) | H30: Please Select
B33: Were you previously accepted on an CEDEFOP CEI List? | E33: Please select
B34: Have you duly filled in and attached: | E34: Please select
B35: Annex II – Questionnaire on eligibility and selection criteria (See point 4.3 of the CEI Specifications)
B38: ^1 Only 'natural' persons may apply for this CEI, this means you must apply in your own name (i.e. not your employer's name).
B39: ^2 You may only apply via a company if it is your own 100% privately owned company.
B40: ^3 Please use the Common European Framework of Reference (CEFR) - for example B1 or C2 etc.
B41: Data protection notice: All Data will be processed in accordance with Regulation (EU) 2018/1725 (‘the EDPR’). The 'Privacy statement notice on the protection of personal data of External Experts' is found via this link:
B42: https://www.cedefop.europa.eu/en/about-cedefop/public-procurement
B43: PART 2: Payment and/or reimbursement of expenses
B45: Please indicate whether you wish to remunerated and/or reimbursed for any travel and subsistence expenses in relation to CEDEFOP activities (e.g. by attending a meeting). It is emphasised that this does NOT constitute a selection criteria. (This may be relevant for Experts who, due to their current employment status, are unable to receive other sources of income, however would like to contribute to the CEDEFOP Work Programme out of professional interest).
B46: Do you accept payment for your services? | H46: Please select
B47: Do you accept reimbursement for your travel and/or subsistence expenses? | H47: Please select
B48: Are you a citizen of an EU/EEA/SAA member state, and can you be remunerated to your own bank account? | H48: Please select
B50: PART 3: Motivation
B51: Please provide your motivation (500 words maximum), which establishes your incentive to be accepted as an expert for CEDEFOP, as well as your capability and experience working with others in a multicultural environment.
B71: Total words used for motivation | I71: =LEN(TRIM(B52))-LEN(SUBSTITUTE(B52," ",""))+1 -> 1
B72: =IF(I71>500,"Attention! There are more than 500 words, please reduce the number of words.","")
B74: PART 4: Declaration on Exclusion Criteria
B77: SOLEMN STATEMENT
B80: Name: | C80: =E14 -> 0
B82: I hereby solemnly declare that I am not in one of the following situations: 1) is not bankrupt or is not the subject of proceedings for a declaration of bankruptcy, is not being wound up, having their affairs administered by the courts, is not entered into an arrangement with creditors, has not suspended business activities, or is not in any analogous situation arising from a similar procedure provided for in national legislation or regulations; 2) has not been convicted of an offence concerning their professional conduct by a judgment which has the force of res judicata; 3) has not fulfilled obligations relating to the payment of social security contributions or the payment of taxes in accordance with the legal provisions of the country in which they are established or with those of the country of the contracting authority or those of the country in which the Contract is to be performed;
B83: 4) has not been the subject of a judgment which has the force of res judicata for fraud, corruption, involvement in a criminal organisation or any other illegal activity detrimental to the Communities’ financial interests; 5) has not been found guilty of grave professional misconduct proven by any means which the contracting authorities can justify; 6) following another procurement procedure or grant award procedure financed by the Community budget, has not been declared to be in serious breach of contract for failure to comply with its contractual obligations;
B84: 7) is not guilty of serious misrepresentation in supplying the information required by Cedefop; 8) is not subject to a conflict of interests; and is not therefore subject to any of the grounds for exclusion provided for in this Call for Expressions of Interest CEDEFOP/2026/CEI/0001 for Cedefop.
B86: Declaration: I confirm the information declared in this application is accurate to the best of my knowledge and I consent to my details being stored electronically. | I86: Please select
B88: =IF(I86="NO","Attention! If you do not select 'YES' then your application will not be accepted.","")
B90: Name: | C90: =C80 -> 0
B91: Done at (place):
B92: Date:
B96: Validation of application: By completing this application form and submitting online via Cedefop webportal or manually by email to CEI-applications@cedefop.europa.eu then 'you' (as per the 'name' box above) are deemed to have personally authorised this application. In case of any doubt, the Agency reserves the right to contact you via phone/email in order to confirm the authenticity of this application before proceeding with its evaluation.
B97: =IF(C148>=1,"ATTENTION! One or more mandatory cells are not filled in above.","") -> ATTENTION! One or more mandatory cells are not filled in above.
B98: =IF(C151=1,"ATTENTION! PART 5 does not contain at least one completed Sector/Policy area.","")
B100: 46049
B129: PART 1-2-3-4
B130: name | C130: =IF(E14="","blank","comleted") -> blank
B131: Status | C131: =IF(E15="","blank","comleted") -> blank
B132: address | C132: =IF(E17="","blank","completed") -> blank
B133: nationality | C133: =IF(E19="","blank","completed") -> blank
B134: mobile ph | C134: =IF(E21="","blank","completed") -> blank
B135: email | C135: =IF(E23="","blank","completed") -> blank
B136: english level | C136: =IF(E24="Please Select","blank","completed") -> blank
B137: Title of the degree | C137: =IF(E28="","blank","completed") -> blank
B138: Educational Institution | C138: =IF(G28="","blank","completed") -> blank
B139: Field of Study / Knowledge | C139: =IF(H28="Please Select","blank","completed") -> blank
B140: CV provided? | C140: =IF(OR(E34="please select",E34=""),"blank","completed") -> blank
B141: payment | C141: =IF(OR(H46="Please select",H46=""),"blank","completed") -> blank
B142: reimbursement | C142: =IF(OR(H47="please select",H47=""),"blank","completed") -> blank
B143: resident EU EEA | C143: =IF(OR(H48="please select",H48=""),"blank","completed") -> blank
B144: motivation | C144: =IF(B52="","blank","completed") -> blank
B145: declaration | C145: =IF(OR(I86="please select",I86=""),"blank","completed") -> blank
B146: done at: | C146: =IF(C91="","blank","completed") -> blank
B147: date | C147: =IF(C92="","blank","completed") -> blank
B148: TOTAL blank cells in PART 1-2-3-4 | C148: =COUNTIF(C130:C147,"blank") -> 18
B150: PART 5
B151: Put 1 if no Sector/Policy is selected | C151: =IF((COUNTBLANK('PREVIOUS VERSION PART 5'!D12:D150)-7)=125,1,0) -> 0
B152: nr of blank cells in for each Sector/Policy area SELECTED | C152: ='PREVIOUS VERSION PART 5'!B8 -> 9
B153: Total Blank cells in PART 5 | C153: =SUM(C151:C152) -> 9
B155: Total blank cells both sheets | C155: =C148+C153 -> 27

Sheet PART 5a
B2: ='PARTs 1-2-3-4'!B3 -> Call for Expression of Interest - CEDEFOP/2026/CEI/0001
B4: PART 5a: Fields of Expertise (1st Research Area Selected)
B6: You must complete at least all cells highlighted in green. Additional rows may be used to provide any further relevant information. Leaving a mandatory field blank may invalidate your application.
B8: Full name of the applicant: | D8: ='PARTs 1-2-3-4'!E14 -> 0
B9: Please refer also to the Specifications document and the Questionnaire in Annex II: For "Research Area", for which you have experience and expertise, you shall first select (via dropdown lists) the research area that best matches your education and professional experience'. You are required to provide DOI number or weblink for TWO Publications at least (on this form) which best demonstrates your experience in chosen Research Area. Further details for relevant projects in the same field shall be provided as part of your CV. | K9: EVALUATION RESULTS
B10: =SUM(I2:J43) -> 7 | C10: =IF(B10>=1,"ATTENTION! You have not yet completed inputting the mandatory information in the Research Area area selected. Please fill in ORANGE cells as a minimum.","") -> ATTENTION! You have not yet completed inputting the mandatory information in the Research Area area selected. Please fill in ORANGE cells as a minimum.
B11: All cells except those to be filled by applicant have been 'write protected'. You may not insert or delete any cell, row or column or make any change to the formatting of this file.
B12: Research Area: Select the research area that best matches your education and professional experience | F12: Please Select | I12: =IF(F12<>"Please Select",0,1) -> 1
B13: Experience: at least 5 years of proven professional experience after university studies in the research area selected. | F13: Please Select | I13: =IF(F13<>"Please Select",0,1) -> 1
B14: A remunerated PhD degree acquired in a field relevant to these areas can be counted as professional experience up to 3 years. Paid traineeships and post-doc contracts are counted as working experience. Part time work will be counted according to the ratio of part-time (i.e. 50% part time for 12 months is accounted for 6 months working experience); Please fill in above only relevant experience as requested in the CEI Specifications Please note that the duration of projects shall be counted only once (e.g if an expert has the same experience in more than one relevant project simultaneously, this experience shall be counted only once) Please provide for each entry: Name of the organisation. Position or role held. Brief description of relevant duties and achievements. Explanation of how the experience relates to the selected research area. Project start and end dates. Working time and overlapping periods Please indicate your actual working time as a percentage of a full-time position in the “Working time (%)” column (e.g. 100%, 80%, 50%, 20%). The duration of the professional experience will be calculated automatically taking this percentage into account. Overlapping employment periods are allowed, provided that the combined working time during the overlapping period does not exceed 100% of a full-time position. If the combined working time for overlapping periods exceeds 100%, the following warning will appear: “WARNING: Combined employment rate exceeds 100%.” If this warning appears, please check the working time percentages and the start and end dates entered for the overlapping positions and correct them where necessary. | K14: EVALUATION RESULTS
B15: Organisation(s) (free text) | D15: Role or function in the organisation/project. Please also explain how that experience in the project is relevant to meet the criterion above, using short bullets and references to the tasks performed (free text) | E15: Working time (%) Please enter a value between 1% and 100%. | F15: Start date of project | G15: End date of project | H15: Duration (Years/Months/Days) | K15: Accepted? (YES/ NO) | L15: Comments
B16: 1 | H16: {=IF(OR(E16="",F16="",G16=""),"",_xlfn.LET(_xlpm.StartDates,_xlfn._xlws.FILTER($F$16:$F$25,($F$16:$F$25<=$G16)*($G$16:$G$25>=$F16)),_xlpm.MaxRate,MAX(_xlfn.MAP(_xlpm.StartDates,_xlfn.LAMBDA(_xlpm.d,SUMPRODUCT(($F$16:$F$25<=_xlpm.d)*($G$16:$G$25>=_xlpm.d)*$E$16:$E$25)))),IF(_xlpm.MaxRate>1,"WARNING: The combined employment rate exceeds 100%. Please refer to the instructions above in Cell B14.",DATEDIF(F16,F16+ROUND((G16-F16)*E16,0),"Y")&" years, "&DATEDIF(F16,F16+ROUND((G16-F16)*E16,0),"YM")&" months, "&DATEDIF(F16,F16+ROUND((G16-F16)*E16,0),"MD")&" days")))} | I16: =IF(C16<>"",COUNTBLANK(D16:H16),"") | J16: =IF(C16<>"",0,1) -> 1
B17: 2 | H17: {=IF(OR(E17="",F17="",G17=""),"",_xlfn.LET(_xlpm.StartDates,_xlfn._xlws.FILTER($F$16:$F$25,($F$16:$F$25<=$G17)*($G$16:$G$25>=$F17)),_xlpm.MaxRate,MAX(_xlfn.MAP(_xlpm.StartDates,_xlfn.LAMBDA(_xlpm.d,SUMPRODUCT(($F$16:$F$25<=_xlpm.d)*($G$16:$G$25>=_xlpm.d)*$E$16:$E$25)))),IF(_xlpm.MaxRate>1,"WARNING: The combined employment rate exceeds 100%. Please refer to the instructions above in Cell B14.",DATEDIF(F17,F17+ROUND((G17-F17)*E17,0),"Y")&" years, "&DATEDIF(F17,F17+ROUND((G17-F17)*E17,0),"YM")&" months, "&DATEDIF(F17,F17+ROUND((G17-F17)*E17,0),"MD")&" days")))} | I17: =IF(C17<>"",COUNTBLANK(D17:H17),"")
B18: 3 | H18: {=IF(OR(E18="",F18="",G18=""),"",_xlfn.LET(_xlpm.StartDates,_xlfn._xlws.FILTER($F$16:$F$25,($F$16:$F$25<=$G18)*($G$16:$G$25>=$F18)),_xlpm.MaxRate,MAX(_xlfn.MAP(_xlpm.StartDates,_xlfn.LAMBDA(_xlpm.d,SUMPRODUCT(($F$16:$F$25<=_xlpm.d)*($G$16:$G$25>=_xlpm.d)*$E$16:$E$25)))),IF(_xlpm.MaxRate>1,"WARNING: The combined employment rate exceeds 100%. Please refer to the instructions above in Cell B14.",DATEDIF(F18,F18+ROUND((G18-F18)*E18,0),"Y")&" years, "&DATEDIF(F18,F18+ROUND((G18-F18)*E18,0),"YM")&" months, "&DATEDIF(F18,F18+ROUND((G18-F18)*E18,0),"MD")&" days")))} | I18: =IF(C18<>"",COUNTBLANK(D18:H18),"")
B19: 4 | H19: {=IF(OR(E19="",F19="",G19=""),"",_xlfn.LET(_xlpm.StartDates,_xlfn._xlws.FILTER($F$16:$F$25,($F$16:$F$25<=$G19)*($G$16:$G$25>=$F19)),_xlpm.MaxRate,MAX(_xlfn.MAP(_xlpm.StartDates,_xlfn.LAMBDA(_xlpm.d,SUMPRODUCT(($F$16:$F$25<=_xlpm.d)*($G$16:$G$25>=_xlpm.d)*$E$16:$E$25)))),IF(_xlpm.MaxRate>1,"WARNING: The combined employment rate exceeds 100%. Please refer to the instructions above in Cell B14.",DATEDIF(F19,F19+ROUND((G19-F19)*E19,0),"Y")&" years, "&DATEDIF(F19,F19+ROUND((G19-F19)*E19,0),"YM")&" months, "&DATEDIF(F19,F19+ROUND((G19-F19)*E19,0),"MD")&" days")))} | I19: =IF(C19<>"",COUNTBLANK(D19:H19),"")
B20: 5 | H20: {=IF(OR(E20="",F20="",G20=""),"",_xlfn.LET(_xlpm.StartDates,_xlfn._xlws.FILTER($F$16:$F$25,($F$16:$F$25<=$G20)*($G$16:$G$25>=$F20)),_xlpm.MaxRate,MAX(_xlfn.MAP(_xlpm.StartDates,_xlfn.LAMBDA(_xlpm.d,SUMPRODUCT(($F$16:$F$25<=_xlpm.d)*($G$16:$G$25>=_xlpm.d)*$E$16:$E$25)))),IF(_xlpm.MaxRate>1,"WARNING: The combined employment rate exceeds 100%. Please refer to the instructions above in Cell B14.",DATEDIF(F20,F20+ROUND((G20-F20)*E20,0),"Y")&" years, "&DATEDIF(F20,F20+ROUND((G20-F20)*E20,0),"YM")&" months, "&DATEDIF(F20,F20+ROUND((G20-F20)*E20,0),"MD")&" days")))} | I20: =IF(C20<>"",COUNTBLANK(D20:H20),"")
B21: 6 | H21: {=IF(OR(E21="",F21="",G21=""),"",_xlfn.LET(_xlpm.StartDates,_xlfn._xlws.FILTER($F$16:$F$25,($F$16:$F$25<=$G21)*($G$16:$G$25>=$F21)),_xlpm.MaxRate,MAX(_xlfn.MAP(_xlpm.StartDates,_xlfn.LAMBDA(_xlpm.d,SUMPRODUCT(($F$16:$F$25<=_xlpm.d)*($G$16:$G$25>=_xlpm.d)*$E$16:$E$25)))),IF(_xlpm.MaxRate>1,"WARNING: The combined employment rate exceeds 100%. Please refer to the instructions above in Cell B14.",DATEDIF(F21,F21+ROUND((G21-F21)*E21,0),"Y")&" years, "&DATEDIF(F21,F21+ROUND((G21-F21)*E21,0),"YM")&" months, "&DATEDIF(F21,F21+ROUND((G21-F21)*E21,0),"MD")&" days")))} | I21: =IF(C21<>"",COUNTBLANK(D21:H21),"")
B22: 7 | H22: {=IF(OR(E22="",F22="",G22=""),"",_xlfn.LET(_xlpm.StartDates,_xlfn._xlws.FILTER($F$16:$F$25,($F$16:$F$25<=$G22)*($G$16:$G$25>=$F22)),_xlpm.MaxRate,MAX(_xlfn.MAP(_xlpm.StartDates,_xlfn.LAMBDA(_xlpm.d,SUMPRODUCT(($F$16:$F$25<=_xlpm.d)*($G$16:$G$25>=_xlpm.d)*$E$16:$E$25)))),IF(_xlpm.MaxRate>1,"WARNING: The combined employment rate exceeds 100%. Please refer to the instructions above in Cell B14.",DATEDIF(F22,F22+ROUND((G22-F22)*E22,0),"Y")&" years, "&DATEDIF(F22,F22+ROUND((G22-F22)*E22,0),"YM")&" months, "&DATEDIF(F22,F22+ROUND((G22-F22)*E22,0),"MD")&" days")))} | I22: =IF(C22<>"",COUNTBLANK(D22:H22),"")
B23: 8 | H23: {=IF(OR(E23="",F23="",G23=""),"",_xlfn.LET(_xlpm.StartDates,_xlfn._xlws.FILTER($F$16:$F$25,($F$16:$F$25<=$G23)*($G$16:$G$25>=$F23)),_xlpm.MaxRate,MAX(_xlfn.MAP(_xlpm.StartDates,_xlfn.LAMBDA(_xlpm.d,SUMPRODUCT(($F$16:$F$25<=_xlpm.d)*($G$16:$G$25>=_xlpm.d)*$E$16:$E$25)))),IF(_xlpm.MaxRate>1,"WARNING: The combined employment rate exceeds 100%. Please refer to the instructions above in Cell B14.",DATEDIF(F23,F23+ROUND((G23-F23)*E23,0),"Y")&" years, "&DATEDIF(F23,F23+ROUND((G23-F23)*E23,0),"YM")&" months, "&DATEDIF(F23,F23+ROUND((G23-F23)*E23,0),"MD")&" days")))} | I23: =IF(C23<>"",COUNTBLANK(D23:H23),"")
B24: 9 | H24: {=IF(OR(E24="",F24="",G24=""),"",_xlfn.LET(_xlpm.StartDates,_xlfn._xlws.FILTER($F$16:$F$25,($F$16:$F$25<=$G24)*($G$16:$G$25>=$F24)),_xlpm.MaxRate,MAX(_xlfn.MAP(_xlpm.StartDates,_xlfn.LAMBDA(_xlpm.d,SUMPRODUCT(($F$16:$F$25<=_xlpm.d)*($G$16:$G$25>=_xlpm.d)*$E$16:$E$25)))),IF(_xlpm.MaxRate>1,"WARNING: The combined employment rate exceeds 100%. Please refer to the instructions above in Cell B14.",DATEDIF(F24,F24+ROUND((G24-F24)*E24,0),"Y")&" years, "&DATEDIF(F24,F24+ROUND((G24-F24)*E24,0),"YM")&" months, "&DATEDIF(F24,F24+ROUND((G24-F24)*E24,0),"MD")&" days")))} | I24: =IF(C24<>"",COUNTBLANK(D24:H24),"")
B25: 10 | H25: {=IF(OR(E25="",F25="",G25=""),"",_xlfn.LET(_xlpm.StartDates,_xlfn._xlws.FILTER($F$16:$F$25,($F$16:$F$25<=$G25)*($G$16:$G$25>=$F25)),_xlpm.MaxRate,MAX(_xlfn.MAP(_xlpm.StartDates,_xlfn.LAMBDA(_xlpm.d,SUMPRODUCT(($F$16:$F$25<=_xlpm.d)*($G$16:$G$25>=_xlpm.d)*$E$16:$E$25)))),IF(_xlpm.MaxRate>1,"WARNING: The combined employment rate exceeds 100%. Please refer to the instructions above in Cell B14.",DATEDIF(F25,F25+ROUND((G25-F25)*E25,0),"Y")&" years, "&DATEDIF(F25,F25+ROUND((G25-F25)*E25,0),"YM")&" months, "&DATEDIF(F25,F25+ROUND((G25-F25)*E25,0),"MD")&" days")))} | I25: =IF(C25<>"",COUNTBLANK(D25:H25),"")
G26: TOTAL | H26: {=_xlfn.LET( _xlpm.r,_xlfn._xlws.FILTER(H16:H25,H16:H25<>""), _xlpm.y,SUM(VALUE(_xlfn.TEXTBEFORE(_xlpm.r," years"))), _xlpm.m,SUM(VALUE(_xlfn.TEXTBEFORE(_xlfn.TEXTAFTER(_xlpm.r,"years, ")," months"))), _xlpm.d,SUM(VALUE(_xlfn.TEXTBEFORE(_xlfn.TEXTAFTER(_xlpm.r,"months, ")," days"))), _xlpm.totalMonths,_xlpm.y*12+_xlpm.m+QUOTIENT(_xlpm.d,30), _xlpm.remDays,MOD(_xlpm.d,30), QUOTIENT(_xlpm.totalMonths,12)&" years, "&MOD(_xlpm.totalMonths,12)&" months, "&_xlpm.remDays&" days" )} -> #VALUE!
B27: If additional rows are needed please provide the additional information in your CV.
B29: At least two relevant authored publications in the research area above selected? | F29: Please Select | I29: =IF(F29<>"Please Select",0,1) -> 1
B30: Publications demonstrable experience in each research area that the expert will have declared, as mentioned in point 3, List of research areas, as evidenced by at least 2 relevant authored publications published in scientific journals or on EU institution, Member State public authority (including ministries and governmental agencies) or research institute, or international organisations’ websites. Please note: "An authored publication is a publication in which the applicant is listed as an author or co-author. If the applicant cannot be clearly identified as such in the publication proof of authorship must be presented. This can be a signed declaration from a hierarchical superior that the applicant has written the publication, even if he/she cannot be officially recognised as the author".
B31: Publication(s) Publication’s full reference (title, publisher, year of publication; DOIs, ISSN, ISBN, etc) | D31: Short description of publication (Free text) | E31: Provide a link or attach a copy of publication(s) | H31: Publication type (Please select from the list)
B32: 1 | H32: Please Select | I32: =IF(C32<>"",COUNTBLANK(D32:E32),"") | J32: =IF(C32<>"",0,1) -> 1
B33: 2 | H33: Please Select | I33: =IF(C33<>"",COUNTBLANK(D33:E33),"") | J33: =IF(C33<>"",0,1) -> 1
B34: 3 | H34: Please Select | I34: =IF(C34<>"",COUNTBLANK(D34:F34),"")
B35: 4 | H35: Please Select | I35: =IF(C35<>"",COUNTBLANK(D35:F35),"")
B36: 5 | H36: Please Select | I36: =IF(C36<>"",COUNTBLANK(D36:F36),"")
B37: If additional rows are needed please provide the additional information in your CV.
B39: Choose the fields below for which your expertise is particularly relevant for the selected research area. These fields are non-exhaustive descriptors of the topics withing the research area.
B40: =VLOOKUP(F12,DATA3!B2:C13,2,FALSE) -> #N/A
B41: Enter the relevant fields in the green cell (separate multiple fields with ";") | I41: =IF(D41<>"",0,1) -> 1
B43: FINAL STEPS: Please check that you have provided all the requested information for your application and then attach to an email this Application form (Please download the Excel application form, click “Enable Editing”, complete the form, and save it locally (your name and surname) before sending it by email), your CV and any other documents you deem are relevant to your application. You must add your name to the email subject: "CEDEFOP_2026_CEI_0001_ [your name and surname]".
B44: CEI-applications@cedefop.europa.eu

Sheet PART 5b
B2: ='PARTs 1-2-3-4'!B3 -> Call for Expression of Interest - CEDEFOP/2026/CEI/0001
B4: PART 5b: Fields of Expertise (2nd Research Area Selected)
B6: You must complete at least all cells highlighted in green. Additional rows may be used to provide any further relevant information. Leaving a mandatory field blank may invalidate your application.
B8: Full name of the applicant: | D8: ='PARTs 1-2-3-4'!E14 -> 0
B9: Please refer also to the Specifications document and the Questionnaire in Annex II: For "Research Area", for which you have experience and expertise, you shall first select (via dropdown lists) the research area that best matches your education and professional experience'. You are required to provide DOI number or weblink for TWO Publications at least (on this form) which best demonstrates your experience in chosen Research Area. Further details for relevant projects in the same field shall be provided as part of your CV. | K9: EVALUATION RESULTS
B10: =SUM(I2:J43) -> 7 | C10: =IF(B10>=1,"ATTENTION! You have not yet completed inputting the mandatory information in the Research Area area selected. Please fill in ORANGE cells as a minimum.","") -> ATTENTION! You have not yet completed inputting the mandatory information in the Research Area area selected. Please fill in ORANGE cells as a minimum.
B11: All cells except those to be filled by applicant have been 'write protected'. You may not insert or delete any cell, row or column or make any change to the formatting of this file.
B12: Research Area: Select the research area that best matches your education and professional experience | F12: Please Select | I12: =IF(F12<>"Please Select",0,1) -> 1
B13: Experience: at least 5 years of proven professional experience after university studies in the research area selected. | F13: Please Select | I13: =IF(F13<>"Please Select",0,1) -> 1
B14: A remunerated PhD degree acquired in a field relevant to these areas can be counted as professional experience up to 3 years. Paid traineeships and post-doc contracts are counted as working experience. Part time work will be counted according to the ratio of part-time (i.e. 50% part time for 12 months is accounted for 6 months working experience); Please fill in above only relevant experience as requested in the CEI Specifications Please note that the duration of projects shall be counted only once (e.g if an expert has the same experience in more than one relevant project simultaneously, this experience shall be counted only once) Please provide for each entry: Name of the organisation. Position or role held. Brief description of relevant duties and achievements. Explanation of how the experience relates to the selected research area. Project start and end dates. Working time and overlapping periods Please indicate your actual working time as a percentage of a full-time position in the “Working time (%)” column (e.g. 100%, 80%, 50%, 20%). The duration of the professional experience will be calculated automatically taking this percentage into account. Overlapping employment periods are allowed, provided that the combined working time during the overlapping period does not exceed 100% of a full-time position. If the combined working time for overlapping periods exceeds 100%, the following warning will appear: “WARNING: Combined employment rate exceeds 100%.” If this warning appears, please check the working time percentages and the start and end dates entered for the overlapping positions and correct them where necessary. | K14: EVALUATION RESULTS
B15: Organisation(s) (free text) | D15: Role or function in the organisation/project. Please also explain how that experience in the project is relevant to meet the criterion above, using short bullets and references to the tasks performed (free text) | E15: Working time (%) Please enter a value between 1% and 100%. | F15: Start date of project | G15: End date of project | H15: Duration (Years/Months/Days) | K15: Accepted? (YES/ NO) | L15: Comments
B16: 1 | H16: {=IF(OR(E16="",F16="",G16=""),"",_xlfn.LET(_xlpm.StartDates,_xlfn._xlws.FILTER($F$16:$F$25,($F$16:$F$25<=$G16)*($G$16:$G$25>=$F16)),_xlpm.MaxRate,MAX(_xlfn.MAP(_xlpm.StartDates,_xlfn.LAMBDA(_xlpm.d,SUMPRODUCT(($F$16:$F$25<=_xlpm.d)*($G$16:$G$25>=_xlpm.d)*$E$16:$E$25)))),IF(_xlpm.MaxRate>1,"WARNING: The combined employment rate exceeds 100%. Please refer to the instructions above in Cell B14.",DATEDIF(F16,F16+ROUND((G16-F16)*E16,0),"Y")&" years, "&DATEDIF(F16,F16+ROUND((G16-F16)*E16,0),"YM")&" months, "&DATEDIF(F16,F16+ROUND((G16-F16)*E16,0),"MD")&" days")))} | I16: =IF(C16<>"",COUNTBLANK(D16:H16),"") | J16: =IF(C16<>"",0,1) -> 1
B17: 2 | H17: {=IF(OR(E17="",F17="",G17=""),"",_xlfn.LET(_xlpm.StartDates,_xlfn._xlws.FILTER($F$16:$F$25,($F$16:$F$25<=$G17)*($G$16:$G$25>=$F17)),_xlpm.MaxRate,MAX(_xlfn.MAP(_xlpm.StartDates,_xlfn.LAMBDA(_xlpm.d,SUMPRODUCT(($F$16:$F$25<=_xlpm.d)*($G$16:$G$25>=_xlpm.d)*$E$16:$E$25)))),IF(_xlpm.MaxRate>1,"WARNING: The combined employment rate exceeds 100%. Please refer to the instructions above in Cell B14.",DATEDIF(F17,F17+ROUND((G17-F17)*E17,0),"Y")&" years, "&DATEDIF(F17,F17+ROUND((G17-F17)*E17,0),"YM")&" months, "&DATEDIF(F17,F17+ROUND((G17-F17)*E17,0),"MD")&" days")))} | I17: =IF(C17<>"",COUNTBLANK(D17:H17),"")
B18: 3 | H18: {=IF(OR(E18="",F18="",G18=""),"",_xlfn.LET(_xlpm.StartDates,_xlfn._xlws.FILTER($F$16:$F$25,($F$16:$F$25<=$G18)*($G$16:$G$25>=$F18)),_xlpm.MaxRate,MAX(_xlfn.MAP(_xlpm.StartDates,_xlfn.LAMBDA(_xlpm.d,SUMPRODUCT(($F$16:$F$25<=_xlpm.d)*($G$16:$G$25>=_xlpm.d)*$E$16:$E$25)))),IF(_xlpm.MaxRate>1,"WARNING: The combined employment rate exceeds 100%. Please refer to the instructions above in Cell B14.",DATEDIF(F18,F18+ROUND((G18-F18)*E18,0),"Y")&" years, "&DATEDIF(F18,F18+ROUND((G18-F18)*E18,0),"YM")&" months, "&DATEDIF(F18,F18+ROUND((G18-F18)*E18,0),"MD")&" days")))} | I18: =IF(C18<>"",COUNTBLANK(D18:H18),"")
B19: 4 | H19: {=IF(OR(E19="",F19="",G19=""),"",_xlfn.LET(_xlpm.StartDates,_xlfn._xlws.FILTER($F$16:$F$25,($F$16:$F$25<=$G19)*($G$16:$G$25>=$F19)),_xlpm.MaxRate,MAX(_xlfn.MAP(_xlpm.StartDates,_xlfn.LAMBDA(_xlpm.d,SUMPRODUCT(($F$16:$F$25<=_xlpm.d)*($G$16:$G$25>=_xlpm.d)*$E$16:$E$25)))),IF(_xlpm.MaxRate>1,"WARNING: The combined employment rate exceeds 100%. Please refer to the instructions above in Cell B14.",DATEDIF(F19,F19+ROUND((G19-F19)*E19,0),"Y")&" years, "&DATEDIF(F19,F19+ROUND((G19-F19)*E19,0),"YM")&" months, "&DATEDIF(F19,F19+ROUND((G19-F19)*E19,0),"MD")&" days")))} | I19: =IF(C19<>"",COUNTBLANK(D19:H19),"")
B20: 5 | H20: {=IF(OR(E20="",F20="",G20=""),"",_xlfn.LET(_xlpm.StartDates,_xlfn._xlws.FILTER($F$16:$F$25,($F$16:$F$25<=$G20)*($G$16:$G$25>=$F20)),_xlpm.MaxRate,MAX(_xlfn.MAP(_xlpm.StartDates,_xlfn.LAMBDA(_xlpm.d,SUMPRODUCT(($F$16:$F$25<=_xlpm.d)*($G$16:$G$25>=_xlpm.d)*$E$16:$E$25)))),IF(_xlpm.MaxRate>1,"WARNING: The combined employment rate exceeds 100%. Please refer to the instructions above in Cell B14.",DATEDIF(F20,F20+ROUND((G20-F20)*E20,0),"Y")&" years, "&DATEDIF(F20,F20+ROUND((G20-F20)*E20,0),"YM")&" months, "&DATEDIF(F20,F20+ROUND((G20-F20)*E20,0),"MD")&" days")))} | I20: =IF(C20<>"",COUNTBLANK(D20:H20),"")
B21: 6 | H21: {=IF(OR(E21="",F21="",G21=""),"",_xlfn.LET(_xlpm.StartDates,_xlfn._xlws.FILTER($F$16:$F$25,($F$16:$F$25<=$G21)*($G$16:$G$25>=$F21)),_xlpm.MaxRate,MAX(_xlfn.MAP(_xlpm.StartDates,_xlfn.LAMBDA(_xlpm.d,SUMPRODUCT(($F$16:$F$25<=_xlpm.d)*($G$16:$G$25>=_xlpm.d)*$E$16:$E$25)))),IF(_xlpm.MaxRate>1,"WARNING: The combined employment rate exceeds 100%. Please refer to the instructions above in Cell B14.",DATEDIF(F21,F21+ROUND((G21-F21)*E21,0),"Y")&" years, "&DATEDIF(F21,F21+ROUND((G21-F21)*E21,0),"YM")&" months, "&DATEDIF(F21,F21+ROUND((G21-F21)*E21,0),"MD")&" days")))} | I21: =IF(C21<>"",COUNTBLANK(D21:H21),"")
B22: 7 | H22: {=IF(OR(E22="",F22="",G22=""),"",_xlfn.LET(_xlpm.StartDates,_xlfn._xlws.FILTER($F$16:$F$25,($F$16:$F$25<=$G22)*($G$16:$G$25>=$F22)),_xlpm.MaxRate,MAX(_xlfn.MAP(_xlpm.StartDates,_xlfn.LAMBDA(_xlpm.d,SUMPRODUCT(($F$16:$F$25<=_xlpm.d)*($G$16:$G$25>=_xlpm.d)*$E$16:$E$25)))),IF(_xlpm.MaxRate>1,"WARNING: The combined employment rate exceeds 100%. Please refer to the instructions above in Cell B14.",DATEDIF(F22,F22+ROUND((G22-F22)*E22,0),"Y")&" years, "&DATEDIF(F22,F22+ROUND((G22-F22)*E22,0),"YM")&" months, "&DATEDIF(F22,F22+ROUND((G22-F22)*E22,0),"MD")&" days")))} | I22: =IF(C22<>"",COUNTBLANK(D22:H22),"")
B23: 8 | H23: {=IF(OR(E23="",F23="",G23=""),"",_xlfn.LET(_xlpm.StartDates,_xlfn._xlws.FILTER($F$16:$F$25,($F$16:$F$25<=$G23)*($G$16:$G$25>=$F23)),_xlpm.MaxRate,MAX(_xlfn.MAP(_xlpm.StartDates,_xlfn.LAMBDA(_xlpm.d,SUMPRODUCT(($F$16:$F$25<=_xlpm.d)*($G$16:$G$25>=_xlpm.d)*$E$16:$E$25)))),IF(_xlpm.MaxRate>1,"WARNING: The combined employment rate exceeds 100%. Please refer to the instructions above in Cell B14.",DATEDIF(F23,F23+ROUND((G23-F23)*E23,0),"Y")&" years, "&DATEDIF(F23,F23+ROUND((G23-F23)*E23,0),"YM")&" months, "&DATEDIF(F23,F23+ROUND((G23-F23)*E23,0),"MD")&" days")))} | I23: =IF(C23<>"",COUNTBLANK(D23:H23),"")
B24: 9 | H24: {=IF(OR(E24="",F24="",G24=""),"",_xlfn.LET(_xlpm.StartDates,_xlfn._xlws.FILTER($F$16:$F$25,($F$16:$F$25<=$G24)*($G$16:$G$25>=$F24)),_xlpm.MaxRate,MAX(_xlfn.MAP(_xlpm.StartDates,_xlfn.LAMBDA(_xlpm.d,SUMPRODUCT(($F$16:$F$25<=_xlpm.d)*($G$16:$G$25>=_xlpm.d)*$E$16:$E$25)))),IF(_xlpm.MaxRate>1,"WARNING: The combined employment rate exceeds 100%. Please refer to the instructions above in Cell B14.",DATEDIF(F24,F24+ROUND((G24-F24)*E24,0),"Y")&" years, "&DATEDIF(F24,F24+ROUND((G24-F24)*E24,0),"YM")&" months, "&DATEDIF(F24,F24+ROUND((G24-F24)*E24,0),"MD")&" days")))} | I24: =IF(C24<>"",COUNTBLANK(D24:H24),"")
B25: 10 | H25: {=IF(OR(E25="",F25="",G25=""),"",_xlfn.LET(_xlpm.StartDates,_xlfn._xlws.FILTER($F$16:$F$25,($F$16:$F$25<=$G25)*($G$16:$G$25>=$F25)),_xlpm.MaxRate,MAX(_xlfn.MAP(_xlpm.StartDates,_xlfn.LAMBDA(_xlpm.d,SUMPRODUCT(($F$16:$F$25<=_xlpm.d)*($G$16:$G$25>=_xlpm.d)*$E$16:$E$25)))),IF(_xlpm.MaxRate>1,"WARNING: The combined employment rate exceeds 100%. Please refer to the instructions above in Cell B14.",DATEDIF(F25,F25+ROUND((G25-F25)*E25,0),"Y")&" years, "&DATEDIF(F25,F25+ROUND((G25-F25)*E25,0),"YM")&" months, "&DATEDIF(F25,F25+ROUND((G25-F25)*E25,0),"MD")&" days")))} | I25: =IF(C25<>"",COUNTBLANK(D25:H25),"")
G26: TOTAL | H26: {=_xlfn.LET( _xlpm.r,_xlfn._xlws.FILTER(H16:H25,H16:H25<>""), _xlpm.y,SUM(VALUE(_xlfn.TEXTBEFORE(_xlpm.r," years"))), _xlpm.m,SUM(VALUE(_xlfn.TEXTBEFORE(_xlfn.TEXTAFTER(_xlpm.r,"years, ")," months"))), _xlpm.d,SUM(VALUE(_xlfn.TEXTBEFORE(_xlfn.TEXTAFTER(_xlpm.r,"months, ")," days"))), _xlpm.totalMonths,_xlpm.y*12+_xlpm.m+QUOTIENT(_xlpm.d,30), _xlpm.remDays,MOD(_xlpm.d,30), QUOTIENT(_xlpm.totalMonths,12)&" years, "&MOD(_xlpm.totalMonths,12)&" months, "&_xlpm.remDays&" days" )} -> #VALUE!
B27: If additional rows are needed please provide the additional information in your CV.
B29: At least two relevant authored publications in the research area above selected? | F29: Please Select | I29: =IF(F29<>"Please Select",0,1) -> 1
B30: Publications demonstrable experience in each research area that the expert will have declared, as mentioned in point 3, List of research areas, as evidenced by at least 2 relevant authored publications published in scientific journals or on EU institution, Member State public authority (including ministries and governmental agencies) or research institute, or international organisations’ websites. Please note: "An authored publication is a publication in which the applicant is listed as an author or co-author. If the applicant cannot be clearly identified as such in the publication proof of authorship must be presented. This can be a signed declaration from a hierarchical superior that the applicant has written the publication, even if he/she cannot be officially recognised as the author".
B31: Publication(s) Publication’s full reference (title, publisher, year of publication; DOIs, ISSN, ISBN, etc) | D31: Short description of publication (Free text) | E31: Provide a link or attach a copy of publication(s) | H31: Publication type (Please select from the list)
B32: 1 | H32: Please Select | I32: =IF(C32<>"",COUNTBLANK(D32:E32),"") | J32: =IF(C32<>"",0,1) -> 1
B33: 2 | H33: Please Select | I33: =IF(C33<>"",COUNTBLANK(D33:E33),"") | J33: =IF(C33<>"",0,1) -> 1
B34: 3 | H34: Please Select | I34: =IF(C34<>"",COUNTBLANK(D34:F34),"")
B35: 4 | H35: Please Select | I35: =IF(C35<>"",COUNTBLANK(D35:F35),"")
B36: 5 | H36: Please Select | I36: =IF(C36<>"",COUNTBLANK(D36:F36),"")
B37: If additional rows are needed please provide the additional information in your CV.
B39: Choose the fields below for which your expertise is particularly relevant for the selected research area. These fields are non-exhaustive descriptors of the topics withing the research area.
B40: =VLOOKUP(F12,DATA3!B2:C13,2,FALSE) -> #N/A
B41: Enter the relevant fields in the green cell (separate multiple fields with ";") | I41: =IF(D41<>"",0,1) -> 1
B43: FINAL STEPS: Please check that you have provided all the requested information for your application and then attach to an email this Application form (Please download the Excel application form, click “Enable Editing”, complete the form, and save it locally (your name and surname) before sending it by email), your CV and any other documents you deem are relevant to your application. You must add your name to the email subject: "CEDEFOP_2026_CEI_0001_ [your name and surname]".
B44: CEI-applications@cedefop.europa.eu

Sheet PART 5c
B2: ='PARTs 1-2-3-4'!B3 -> Call for Expression of Interest - CEDEFOP/2026/CEI/0001
B4: PART 5c: Fields of Expertise (3rd Research Area Selected)
B6: You must complete at least all cells highlighted in green. Additional rows may be used to provide any further relevant information. Leaving a mandatory field blank may invalidate your application.
B8: Full name of the applicant: | D8: ='PARTs 1-2-3-4'!E14 -> 0
B9: Please refer also to the Specifications document and the Questionnaire in Annex II: For "Research Area", for which you have experience and expertise, you shall first select (via dropdown lists) the research area that best matches your education and professional experience'. You are required to provide DOI number or weblink for TWO Publications at least (on this form) which best demonstrates your experience in chosen Research Area. Further details for relevant projects in the same field shall be provided as part of your CV. | K9: EVALUATION RESULTS
B10: =SUM(I2:J43) -> 7 | C10: =IF(B10>=1,"ATTENTION! You have not yet completed inputting the mandatory information in the Research Area area selected. Please fill in ORANGE cells as a minimum.","") -> ATTENTION! You have not yet completed inputting the mandatory information in the Research Area area selected. Please fill in ORANGE cells as a minimum.
B11: All cells except those to be filled by applicant have been 'write protected'. You may not insert or delete any cell, row or column or make any change to the formatting of this file.
B12: Research Area: Select the research area that best matches your education and professional experience | F12: Please Select | I12: =IF(F12<>"Please Select",0,1) -> 1
B13: Experience: at least 5 years of proven professional experience after university studies in the research area selected. | F13: Please Select | I13: =IF(F13<>"Please Select",0,1) -> 1
B14: A remunerated PhD degree acquired in a field relevant to these areas can be counted as professional experience up to 3 years. Paid traineeships and post-doc contracts are counted as working experience. Part time work will be counted according to the ratio of part-time (i.e. 50% part time for 12 months is accounted for 6 months working experience); Please fill in above only relevant experience as requested in the CEI Specifications Please note that the duration of projects shall be counted only once (e.g if an expert has the same experience in more than one relevant project simultaneously, this experience shall be counted only once) Please provide for each entry: Name of the organisation. Position or role held. Brief description of relevant duties and achievements. Explanation of how the experience relates to the selected research area. Project start and end dates. Working time and overlapping periods Please indicate your actual working time as a percentage of a full-time position in the “Working time (%)” column (e.g. 100%, 80%, 50%, 20%). The duration of the professional experience will be calculated automatically taking this percentage into account. Overlapping employment periods are allowed, provided that the combined working time during the overlapping period does not exceed 100% of a full-time position. If the combined working time for overlapping periods exceeds 100%, the following warning will appear: “WARNING: Combined employment rate exceeds 100%.” If this warning appears, please check the working time percentages and the start and end dates entered for the overlapping positions and correct them where necessary. | K14: EVALUATION RESULTS
B15: Organisation(s) (free text) | D15: Role or function in the organisation/project. Please also explain how that experience in the project is relevant to meet the criterion above, using short bullets and references to the tasks performed (free text) | E15: Working time (%) Please enter a value between 1% and 100%. | F15: Start date of project | G15: End date of project | H15: Duration (Years/Months/Days) | K15: Accepted? (YES/ NO) | L15: Comments
B16: 1 | H16: {=IF(OR(E16="",F16="",G16=""),"",_xlfn.LET(_xlpm.StartDates,_xlfn._xlws.FILTER($F$16:$F$25,($F$16:$F$25<=$G16)*($G$16:$G$25>=$F16)),_xlpm.MaxRate,MAX(_xlfn.MAP(_xlpm.StartDates,_xlfn.LAMBDA(_xlpm.d,SUMPRODUCT(($F$16:$F$25<=_xlpm.d)*($G$16:$G$25>=_xlpm.d)*$E$16:$E$25)))),IF(_xlpm.MaxRate>1,"WARNING: The combined employment rate exceeds 100%. Please refer to the instructions above in Cell B14.",DATEDIF(F16,F16+ROUND((G16-F16)*E16,0),"Y")&" years, "&DATEDIF(F16,F16+ROUND((G16-F16)*E16,0),"YM")&" months, "&DATEDIF(F16,F16+ROUND((G16-F16)*E16,0),"MD")&" days")))} | I16: =IF(C16<>"",COUNTBLANK(D16:H16),"") | J16: =IF(C16<>"",0,1) -> 1
B17: 2 | H17: {=IF(OR(E17="",F17="",G17=""),"",_xlfn.LET(_xlpm.StartDates,_xlfn._xlws.FILTER($F$16:$F$25,($F$16:$F$25<=$G17)*($G$16:$G$25>=$F17)),_xlpm.MaxRate,MAX(_xlfn.MAP(_xlpm.StartDates,_xlfn.LAMBDA(_xlpm.d,SUMPRODUCT(($F$16:$F$25<=_xlpm.d)*($G$16:$G$25>=_xlpm.d)*$E$16:$E$25)))),IF(_xlpm.MaxRate>1,"WARNING: The combined employment rate exceeds 100%. Please refer to the instructions above in Cell B14.",DATEDIF(F17,F17+ROUND((G17-F17)*E17,0),"Y")&" years, "&DATEDIF(F17,F17+ROUND((G17-F17)*E17,0),"YM")&" months, "&DATEDIF(F17,F17+ROUND((G17-F17)*E17,0),"MD")&" days")))} | I17: =IF(C17<>"",COUNTBLANK(D17:H17),"")
B18: 3 | H18: {=IF(OR(E18="",F18="",G18=""),"",_xlfn.LET(_xlpm.StartDates,_xlfn._xlws.FILTER($F$16:$F$25,($F$16:$F$25<=$G18)*($G$16:$G$25>=$F18)),_xlpm.MaxRate,MAX(_xlfn.MAP(_xlpm.StartDates,_xlfn.LAMBDA(_xlpm.d,SUMPRODUCT(($F$16:$F$25<=_xlpm.d)*($G$16:$G$25>=_xlpm.d)*$E$16:$E$25)))),IF(_xlpm.MaxRate>1,"WARNING: The combined employment rate exceeds 100%. Please refer to the instructions above in Cell B14.",DATEDIF(F18,F18+ROUND((G18-F18)*E18,0),"Y")&" years, "&DATEDIF(F18,F18+ROUND((G18-F18)*E18,0),"YM")&" months, "&DATEDIF(F18,F18+ROUND((G18-F18)*E18,0),"MD")&" days")))} | I18: =IF(C18<>"",COUNTBLANK(D18:H18),"")
B19: 4 | H19: {=IF(OR(E19="",F19="",G19=""),"",_xlfn.LET(_xlpm.StartDates,_xlfn._xlws.FILTER($F$16:$F$25,($F$16:$F$25<=$G19)*($G$16:$G$25>=$F19)),_xlpm.MaxRate,MAX(_xlfn.MAP(_xlpm.StartDates,_xlfn.LAMBDA(_xlpm.d,SUMPRODUCT(($F$16:$F$25<=_xlpm.d)*($G$16:$G$25>=_xlpm.d)*$E$16:$E$25)))),IF(_xlpm.MaxRate>1,"WARNING: The combined employment rate exceeds 100%. Please refer to the instructions above in Cell B14.",DATEDIF(F19,F19+ROUND((G19-F19)*E19,0),"Y")&" years, "&DATEDIF(F19,F19+ROUND((G19-F19)*E19,0),"YM")&" months, "&DATEDIF(F19,F19+ROUND((G19-F19)*E19,0),"MD")&" days")))} | I19: =IF(C19<>"",COUNTBLANK(D19:H19),"")
B20: 5 | H20: {=IF(OR(E20="",F20="",G20=""),"",_xlfn.LET(_xlpm.StartDates,_xlfn._xlws.FILTER($F$16:$F$25,($F$16:$F$25<=$G20)*($G$16:$G$25>=$F20)),_xlpm.MaxRate,MAX(_xlfn.MAP(_xlpm.StartDates,_xlfn.LAMBDA(_xlpm.d,SUMPRODUCT(($F$16:$F$25<=_xlpm.d)*($G$16:$G$25>=_xlpm.d)*$E$16:$E$25)))),IF(_xlpm.MaxRate>1,"WARNING: The combined employment rate exceeds 100%. Please refer to the instructions above in Cell B14.",DATEDIF(F20,F20+ROUND((G20-F20)*E20,0),"Y")&" years, "&DATEDIF(F20,F20+ROUND((G20-F20)*E20,0),"YM")&" months, "&DATEDIF(F20,F20+ROUND((G20-F20)*E20,0),"MD")&" days")))} | I20: =IF(C20<>"",COUNTBLANK(D20:H20),"")
B21: 6 | H21: {=IF(OR(E21="",F21="",G21=""),"",_xlfn.LET(_xlpm.StartDates,_xlfn._xlws.FILTER($F$16:$F$25,($F$16:$F$25<=$G21)*($G$16:$G$25>=$F21)),_xlpm.MaxRate,MAX(_xlfn.MAP(_xlpm.StartDates,_xlfn.LAMBDA(_xlpm.d,SUMPRODUCT(($F$16:$F$25<=_xlpm.d)*($G$16:$G$25>=_xlpm.d)*$E$16:$E$25)))),IF(_xlpm.MaxRate>1,"WARNING: The combined employment rate exceeds 100%. Please refer to the instructions above in Cell B14.",DATEDIF(F21,F21+ROUND((G21-F21)*E21,0),"Y")&" years, "&DATEDIF(F21,F21+ROUND((G21-F21)*E21,0),"YM")&" months, "&DATEDIF(F21,F21+ROUND((G21-F21)*E21,0),"MD")&" days")))} | I21: =IF(C21<>"",COUNTBLANK(D21:H21),"")
B22: 7 | H22: {=IF(OR(E22="",F22="",G22=""),"",_xlfn.LET(_xlpm.StartDates,_xlfn._xlws.FILTER($F$16:$F$25,($F$16:$F$25<=$G22)*($G$16:$G$25>=$F22)),_xlpm.MaxRate,MAX(_xlfn.MAP(_xlpm.StartDates,_xlfn.LAMBDA(_xlpm.d,SUMPRODUCT(($F$16:$F$25<=_xlpm.d)*($G$16:$G$25>=_xlpm.d)*$E$16:$E$25)))),IF(_xlpm.MaxRate>1,"WARNING: The combined employment rate exceeds 100%. Please refer to the instructions above in Cell B14.",DATEDIF(F22,F22+ROUND((G22-F22)*E22,0),"Y")&" years, "&DATEDIF(F22,F22+ROUND((G22-F22)*E22,0),"YM")&" months, "&DATEDIF(F22,F22+ROUND((G22-F22)*E22,0),"MD")&" days")))} | I22: =IF(C22<>"",COUNTBLANK(D22:H22),"")
B23: 8 | H23: {=IF(OR(E23="",F23="",G23=""),"",_xlfn.LET(_xlpm.StartDates,_xlfn._xlws.FILTER($F$16:$F$25,($F$16:$F$25<=$G23)*($G$16:$G$25>=$F23)),_xlpm.MaxRate,MAX(_xlfn.MAP(_xlpm.StartDates,_xlfn.LAMBDA(_xlpm.d,SUMPRODUCT(($F$16:$F$25<=_xlpm.d)*($G$16:$G$25>=_xlpm.d)*$E$16:$E$25)))),IF(_xlpm.MaxRate>1,"WARNING: The combined employment rate exceeds 100%. Please refer to the instructions above in Cell B14.",DATEDIF(F23,F23+ROUND((G23-F23)*E23,0),"Y")&" years, "&DATEDIF(F23,F23+ROUND((G23-F23)*E23,0),"YM")&" months, "&DATEDIF(F23,F23+ROUND((G23-F23)*E23,0),"MD")&" days")))} | I23: =IF(C23<>"",COUNTBLANK(D23:H23),"")
B24: 9 | H24: {=IF(OR(E24="",F24="",G24=""),"",_xlfn.LET(_xlpm.StartDates,_xlfn._xlws.FILTER($F$16:$F$25,($F$16:$F$25<=$G24)*($G$16:$G$25>=$F24)),_xlpm.MaxRate,MAX(_xlfn.MAP(_xlpm.StartDates,_xlfn.LAMBDA(_xlpm.d,SUMPRODUCT(($F$16:$F$25<=_xlpm.d)*($G$16:$G$25>=_xlpm.d)*$E$16:$E$25)))),IF(_xlpm.MaxRate>1,"WARNING: The combined employment rate exceeds 100%. Please refer to the instructions above in Cell B14.",DATEDIF(F24,F24+ROUND((G24-F24)*E24,0),"Y")&" years, "&DATEDIF(F24,F24+ROUND((G24-F24)*E24,0),"YM")&" months, "&DATEDIF(F24,F24+ROUND((G24-F24)*E24,0),"MD")&" days")))} | I24: =IF(C24<>"",COUNTBLANK(D24:H24),"")
B25: 10 | H25: {=IF(OR(E25="",F25="",G25=""),"",_xlfn.LET(_xlpm.StartDates,_xlfn._xlws.FILTER($F$16:$F$25,($F$16:$F$25<=$G25)*($G$16:$G$25>=$F25)),_xlpm.MaxRate,MAX(_xlfn.MAP(_xlpm.StartDates,_xlfn.LAMBDA(_xlpm.d,SUMPRODUCT(($F$16:$F$25<=_xlpm.d)*($G$16:$G$25>=_xlpm.d)*$E$16:$E$25)))),IF(_xlpm.MaxRate>1,"WARNING: The combined employment rate exceeds 100%. Please refer to the instructions above in Cell B14.",DATEDIF(F25,F25+ROUND((G25-F25)*E25,0),"Y")&" years, "&DATEDIF(F25,F25+ROUND((G25-F25)*E25,0),"YM")&" months, "&DATEDIF(F25,F25+ROUND((G25-F25)*E25,0),"MD")&" days")))} | I25: =IF(C25<>"",COUNTBLANK(D25:H25),"")
G26: TOTAL | H26: {=_xlfn.LET( _xlpm.r,_xlfn._xlws.FILTER(H16:H25,H16:H25<>""), _xlpm.y,SUM(VALUE(_xlfn.TEXTBEFORE(_xlpm.r," years"))), _xlpm.m,SUM(VALUE(_xlfn.TEXTBEFORE(_xlfn.TEXTAFTER(_xlpm.r,"years, ")," months"))), _xlpm.d,SUM(VALUE(_xlfn.TEXTBEFORE(_xlfn.TEXTAFTER(_xlpm.r,"months, ")," days"))), _xlpm.totalMonths,_xlpm.y*12+_xlpm.m+QUOTIENT(_xlpm.d,30), _xlpm.remDays,MOD(_xlpm.d,30), QUOTIENT(_xlpm.totalMonths,12)&" years, "&MOD(_xlpm.totalMonths,12)&" months, "&_xlpm.remDays&" days" )} -> #VALUE!
B27: If additional rows are needed please provide the additional information in your CV.
B29: At least two relevant authored publications in the research area above selected? | F29: Please Select | I29: =IF(F29<>"Please Select",0,1) -> 1
B30: Publications demonstrable experience in each research area that the expert will have declared, as mentioned in point 3, List of research areas, as evidenced by at least 2 relevant authored publications published in scientific journals or on EU institution, Member State public authority (including ministries and governmental agencies) or research institute, or international organisations’ websites. Please note: "An authored publication is a publication in which the applicant is listed as an author or co-author. If the applicant cannot be clearly identified as such in the publication proof of authorship must be presented. This can be a signed declaration from a hierarchical superior that the applicant has written the publication, even if he/she cannot be officially recognised as the author".
B31: Publication(s) Publication’s full reference (title, publisher, year of publication; DOIs, ISSN, ISBN, etc) | D31: Short description of publication (Free text) | E31: Provide a link or attach a copy of publication(s) | H31: Publication type (Please select from the list)
B32: 1 | H32: Please Select | I32: =IF(C32<>"",COUNTBLANK(D32:E32),"") | J32: =IF(C32<>"",0,1) -> 1
B33: 2 | H33: Please Select | I33: =IF(C33<>"",COUNTBLANK(D33:E33),"") | J33: =IF(C33<>"",0,1) -> 1
B34: 3 | H34: Please Select | I34: =IF(C34<>"",COUNTBLANK(D34:F34),"")
B35: 4 | H35: Please Select | I35: =IF(C35<>"",COUNTBLANK(D35:F35),"")
B36: 5 | H36: Please Select | I36: =IF(C36<>"",COUNTBLANK(D36:F36),"")
B37: If additional rows are needed please provide the additional information in your CV.
B39: Choose the fields below for which your expertise is particularly relevant for the selected research area. These fields are non-exhaustive descriptors of the topics withing the research area.
B40: =VLOOKUP(F12,DATA3!B2:C13,2,FALSE) -> #N/A
B41: Enter the relevant fields in the green cell (separate multiple fields with ";") | I41: =IF(D41<>"",0,1) -> 1
B43: FINAL STEPS: Please check that you have provided all the requested information for your application and then attach to an email this Application form (Please download the Excel application form, click “Enable Editing”, complete the form, and save it locally (your name and surname) before sending it by email), your CV and any other documents you deem are relevant to your application. You must add your name to the email subject: "CEDEFOP_2026_CEI_0001_ [your name and surname]".

Sheet Help - CHECKLIST
B2: CHECKLIST
B3: Please ensure that the application form (Annex I) has been properly filled in and that all supporting documents have been duly submitted. (Please download the Excel application form, click “Enable Editing”, complete the form, and save it locally (your name and surname) before sending it by email)
A5: 1 | B5: Annex I Parts 1-2-3-4 | C5: Are all mandatory green cells filled in?
C6: Have you provided all necessary information related to the eligibility requirements?
D7: Level of both spoken and written English
D8: Level of education
D9: Knowledge field of the diploma
A10: 2 | B10: Annex I Part 5a-5b-5c | C10: Have you provided all necessary information related to the selection requirements, as follows?
D11: Years of proven professional experience after university studies in each research area declared
D12: Explanation of how the experience relates to the selected research area.
D13: Relevant authored publications in each research area declared
C14: Have you duly filled in all the information required (green cells in Part 5a-5b-5c)
C15: You may apply for up to three research areas (tabs Part 5a-5b-5c)
A17: 3 | B17: To better evaluate your application, and increase your chances of being positively evaluated, it is strongly suggested to provide: | D17: A list of projects or publications related to your declared field(s) of interest. Summary details for at least he 2 most relevant should be given in PART 5
D18: Professional certifications (included in your CV or as a separate file)
A20: 4 | B20: FINAL STEPS: Please check that you have provided all the requested information for your application and then attach to an email this Application form (Please download the Excel application form, click “Enable Editing”, complete the form, and save it locally (your name and surname) before sending it by email), your CV and any other documents you deem are relevant to your application. You must add your name to the email subject: "CEDEFOP_2026_CEI_0001_ [your name and surname]". CEI-applications@cedefop.europa.eu

Sheet EVALUATION
B1: Full Name | C1: Research Area | D1: Education Evaluation | E1: Language Evaluation | F1: Experience Evaluation | G1: Publications Evaluation | H1: Overall Evaluation | I1: Evaluation Comments for Applicants not Accepted | J1: Evaluation Comments | K1: Education | L1: English Proficiency level | M1: Professional Experience | N1: EXPERIENCE TOTAL DURATION | O1: Relevant Publications | P1: Relevant fields of Expertise
A2: 1 | B2: ='PARTs 1-2-3-4'!E14 -> 0 | C2: =IF(OR('PART 5a'!$F$12="PLEASE SELECT",'PART 5a'!$F$12=""),"",'PART 5a'!$F$12) | D2: Please Select | E2: Please Select | F2: Please Select | G2: Please Select | H2: Please Select | K2: {=_xlfn.TEXTJOIN(" | ",TRUE,IF(('PARTs 1-2-3-4'!E28:I30<>"")*('PARTs 1-2-3-4'!E28:I30<>"PLEASE SELECT"),'PARTs 1-2-3-4'!E28:I30,""))} | L2: ='PARTs 1-2-3-4'!E24 -> Please Select | M2: {=_xlfn.LET(_xlpm.x,_xlfn.BYROW('PART 5a'!$C$16:$D$25,_xlfn.LAMBDA(_xlpm.r,_xlfn.TEXTJOIN("; ",TRUE,_xlpm.r))),_xlpm.y,_xlfn._xlws.FILTER(_xlpm.x,_xlpm.x<>""),_xlfn.TEXTJOIN(CHAR(10),TRUE,_xlfn.SEQUENCE(ROWS(_xlpm.y))&") "&_xlpm.y))} -> #VALUE! | N2: ='PART 5a'!H26 -> #VALUE! | O2: {=_xlfn.LET(_xlpm.x,_xlfn.BYROW('PART 5a'!$C$32:$F$36,_xlfn.LAMBDA(_xlpm.r,_xlfn.TEXTJOIN("; ",TRUE,_xlpm.r))),_xlpm.y,_xlfn._xlws.FILTER(_xlpm.x,_xlpm.x<>""),_xlfn.TEXTJOIN(CHAR(10),TRUE,_xlfn.SEQUENCE(ROWS(_xlpm.y))&") "&_xlpm.y))} -> #VALUE! | P2: ='PART 5a'!$D$41 -> 0
A3: 2 | B3: ='PARTs 1-2-3-4'!$E$14 -> 0 | C3: =IF(OR('PART 5b'!$F$12="PLEASE SELECT",'PART 5b'!$F$12=""),"",'PART 5b'!$F$12) | D3: Please Select | E3: Please Select | F3: Please Select | G3: Please Select | H3: Please Select | K3: =K2 | L3: =L2 -> Please Select | M3: {=_xlfn.LET(_xlpm.x,_xlfn.BYROW('PART 5b'!$C$16:$D$25,_xlfn.LAMBDA(_xlpm.r,_xlfn.TEXTJOIN("; ",TRUE,_xlpm.r))),_xlpm.y,_xlfn._xlws.FILTER(_xlpm.x,_xlpm.x<>""),_xlfn.TEXTJOIN(CHAR(10),TRUE,_xlfn.SEQUENCE(ROWS(_xlpm.y))&") "&_xlpm.y))} -> #VALUE! | N3: ='PART 5b'!H26 -> #VALUE! | O3: {=_xlfn.LET(_xlpm.x,_xlfn.BYROW('PART 5b'!$C$32:$F$36,_xlfn.LAMBDA(_xlpm.r,_xlfn.TEXTJOIN("; ",TRUE,_xlpm.r))),_xlpm.y,_xlfn._xlws.FILTER(_xlpm.x,_xlpm.x<>""),_xlfn.TEXTJOIN(CHAR(10),TRUE,_xlfn.SEQUENCE(ROWS(_xlpm.y))&") "&_xlpm.y))} -> #VALUE! | P3: ='PART 5b'!$D$41 -> 0
A4: 3 | B4: ='PARTs 1-2-3-4'!$E$14 -> 0 | C4: =IF(OR('PART 5c'!$F$12="PLEASE SELECT",'PART 5c'!$F$12=""),"",'PART 5c'!$F$12) | D4: Please Select | E4: Please Select | F4: Please Select | G4: Please Select | H4: Please Select | K4: =K3 | L4: =L3 -> Please Select | M4: {=_xlfn.LET(_xlpm.x,_xlfn.BYROW('PART 5c'!$C$16:$D$25,_xlfn.LAMBDA(_xlpm.r,_xlfn.TEXTJOIN("; ",TRUE,_xlpm.r))),_xlpm.y,_xlfn._xlws.FILTER(_xlpm.x,_xlpm.x<>""),_xlfn.TEXTJOIN(CHAR(10),TRUE,_xlfn.SEQUENCE(ROWS(_xlpm.y))&") "&_xlpm.y))} -> #VALUE! | N4: ='PART 5c'!H26 -> #VALUE! | O4: {=_xlfn.LET(_xlpm.x,_xlfn.BYROW('PART 5c'!$C$32:$F$36,_xlfn.LAMBDA(_xlpm.r,_xlfn.TEXTJOIN("; ",TRUE,_xlpm.r))),_xlpm.y,_xlfn._xlws.FILTER(_xlpm.x,_xlpm.x<>""),_xlfn.TEXTJOIN(CHAR(10),TRUE,_xlfn.SEQUENCE(ROWS(_xlpm.y))&") "&_xlpm.y))} -> #VALUE! | P4: ='PART 5c'!$D$41 -> 0

Sheet PREVIOUS VERSION PART 5
B2: ='PARTs 1-2-3-4'!B3 -> Call for Expression of Interest - CEDEFOP/2026/CEI/0001
B4: PART 5: Fields of Expertise
B6: Full name of the applicant: | D6: ='PARTs 1-2-3-4'!E14 -> 0 | H6: Nationality: | J6: {='PARTs 1-2-3-4'!E19:I19} -> 0 | K6: 0 | L6: 0 | M6: 0 | N6: 0
B7: Please refer also to the Specifications document and the Questionnaire in Annex II: For "List of Research Area", for which you have experience and expertise, you shall first select (via dropdown lists) the "Level of education, then "Knowledge field of the diploma" and number of 'Years of proven professional experience after university studies'. PLEASE NOTE: You may select all Reasearch areas. You are required to provide DOI number or weblink for TWO Publications (on this form) which best demonstrates your experience in each chosen Research Area. Further details for relevant projects in the same field shall be provided as part of your CV.
B8: =SUM(K14:K137) -> 9 | C8: =IF(B8>=1,"ATTENTION! You have not yet completed inputting the mandatory information in the Research Area area selected. Please fill in ORANGE cells as a minimum.","") -> ATTENTION! You have not yet completed inputting the mandatory information in the Research Area area selected. Please fill in ORANGE cells as a minimum.
B9: All cells except those to be filled by applicant have been 'write protected'. You may not insert or delete any cell, row or column or make any change to the formatting of this file.
B10: List of Research Area | D10: Which ‘Research Area’ does your education & experience best relate to? | F10: CAREER EXPERIENCE (Full Time Equivalent - Paid traineeships and post-doc contracts are counted as working experience) | G10: Provide below DOI number or weblink for two relevant authored publications in peer-reviewed journals (the publications should be in EN language), which best demonstrates your experience in the related 'Research Area' area. While it is not mandatory, providing details in CV will increase your chances of being positively evaluated. More details for other relevant Publications should also be provided in your CV and/or Motivation letter - to better support your application. | M10: examiner 1 EVALUATION RESULTS
D12: Education | F12: Experience & Publications
D13: Level of education (Please Select from the list) | E13: Knowledge field of the diploma (Please Select from the list) | F13: Years of proven professional experience after university studies in each research area declared | G13: At least two relevant authored publications in each research area declared | H13: Publication 1: DOI number or weblink (Please fill in the cell) | I13: Publication 2: DOI number or weblink (Please fill in the cell) | J13: Comments | M13: Accepted? (YES/ NO) | N13: Comments
B14: 1. | C14: Initial vocational education and training (IVET) | K14: =IF(D14<>"",COUNTBLANK(E14:I14),"")
B15: 2. | C15: Experiential learning | D15: Master | E15: Qualitative Data Analysis | K15: =IF(D15<>"",COUNTBLANK(E15:I15),"") -> 4
B16: 3. | C16: Qualifications and credentials | K16: =IF(D16<>"",COUNTBLANK(E16:I16),"")
B17: 4. | C17: European VET tools and principles | K17: =IF(D17<>"",COUNTBLANK(E17:I17),"")
B18: 5. | C18: Learning outcomes | D18: Doctorate / PhD | K18: =IF(D18<>"",COUNTBLANK(E18:I18),"") -> 5
B19: 6. | C19: VET policies and systems monitoring and analysis | K19: =IF(D19<>"",COUNTBLANK(E19:I19),"")
B20: 7. | C20: Guidance and counselling | K20: =IF(D20<>"",COUNTBLANK(E20:I20),"")
B21: 8. | C21: Continuing training and skills development for adults | K21: =IF(D21<>"",COUNTBLANK(E21:I21),"")
B22: 9. | C22: Labor market and skills intelligence | K22: =IF(D22<>"",COUNTBLANK(E22:I22),"")
B23: 10. | C23: Qualitative methods | K23: =IF(D23<>"",COUNTBLANK(E23:I23),"")
B24: 11. | C24: Quantitative methods | K24: =IF(D24<>"",COUNTBLANK(E24:I24),"")
B25: 12. | C25: Survey methodology | K25: =IF(D25<>"",COUNTBLANK(E25:I25),"")
B26: 3.3 | C26: Cybersecurity crises management, (including maturity and evaluation frameworks) | K26: =IF(D26<>"",COUNTBLANK(E26:J26),"")
K27: =IF(D27<>"",COUNTBLANK(E27:J27),"")
B28: 3.4 | C28: Management of incident response (Procedures; Processes; Organization, management and operations of team; maturity and evaluation frameworks) | K28: =IF(D28<>"",COUNTBLANK(E28:J28),"")
K29: =IF(D29<>"",COUNTBLANK(E29:J29),"")
B30: 3.5 | C30: DevSecOps and development/use of tools | K30: =IF(D30<>"",COUNTBLANK(E30:J30),"")
K31: =IF(D31<>"",COUNTBLANK(E31:J31),"")
B32: 3.6 | C32: Asset management | K32: =IF(D32<>"",COUNTBLANK(E32:J32),"")
K33: =IF(D33<>"",COUNTBLANK(E33:J33),"")
B34: 3.7 | C34: Cyber threat Intelligence / Threat hunting / Situational awareness | K34: =IF(D34<>"",COUNTBLANK(E34:J34),"")
K35: =IF(D35<>"",COUNTBLANK(E35:J35),"")
B36: 3.8 | C36: Cooperation (international cooperation, community support, cooperation with Law Enforcement Agencies and other stakeholders) | K36: =IF(D36<>"",COUNTBLANK(E36:J36),"")
K37: =IF(D37<>"",COUNTBLANK(E37:J37),"")
B38: 3.9 | C38: Handling of classified information | K38: =IF(D38<>"",COUNTBLANK(E38:J38),"")
K39: =IF(D39<>"",COUNTBLANK(E39:J39),"")
B40: SO4 - Strategic Objective: “Cutting-edge competences and capabilities in cybersecurity across the Union” | F40: experience? | G40: no of months? | H40: Project Reference / Publication | J40: Link to Project / Publication (if available) | K40: =IF(D40<>"",COUNTBLANK(E40:J40),"") | M40: Accepted? (Y / N) | N40: Comments
B41: 4.1 | C41: Designing / Developing training | K41: =IF(D41<>"",COUNTBLANK(E41:J41),"")
K42: =IF(D42<>"",COUNTBLANK(E42:J42),"")
B43: 4.2 | C43: Delivering / Organising / Evaluating training | K43: =IF(D43<>"",COUNTBLANK(E43:J43),"")
K44: =IF(D44<>"",COUNTBLANK(E44:J44),"")
B45: 4.3 | C45: Training the trainers | K45: =IF(D45<>"",COUNTBLANK(E45:J45),"")
K46: =IF(D46<>"",COUNTBLANK(E46:J46),"")
B47: 4.4 | C47: Design / Implement a cyber range | K47: =IF(D47<>"",COUNTBLANK(E47:J47),"")
K48: =IF(D48<>"",COUNTBLANK(E48:J48),"")
B49: 4.5 | C49: Risk management methodologies | K49: =IF(D49<>"",COUNTBLANK(E49:J49),"")
K50: =IF(D50<>"",COUNTBLANK(E50:J50),"")
B51: 4.6 | C51: Risk assessment practices | K51: =IF(D51<>"",COUNTBLANK(E51:J51),"")
K52: =IF(D52<>"",COUNTBLANK(E52:J52),"")
B53: 4.7 | C53: Cybersecurity training and exercises | K53: =IF(D53<>"",COUNTBLANK(E53:J53),"")
K54: =IF(D54<>"",COUNTBLANK(E54:J54),"")
B55: 4.8 | C55: Information sharing models and techniques | K55: =IF(D55<>"",COUNTBLANK(E55:J55),"")
K56: =IF(D56<>"",COUNTBLANK(E56:J56),"")
B57: 4.9 | C57: Competence mapping | K57: =IF(D57<>"",COUNTBLANK(E57:J57),"")
K58: =IF(D58<>"",COUNTBLANK(E58:J58),"")
B59: 4.1 | C59: Cybersecurity strategies | K59: =IF(D59<>"",COUNTBLANK(E59:J59),"")
K60: =IF(D60<>"",COUNTBLANK(E60:J60),"")
B61: SO5 - Strategic Objective: “High level of trust in secure digital solutions” | F61: experience? | G61: no of months? | H61: Project reference | J61: Link to Project / Publication (if available) | K61: =IF(D61<>"",COUNTBLANK(E61:J61),"") | M61: Accepted? (Y / N) | N61: Comments
B62: 5.1 | C62: ICT cybersecurity standardisation | K62: =IF(D62<>"",COUNTBLANK(E62:J62),"")
K63: =IF(D63<>"",COUNTBLANK(E63:J63),"")
B64: 5.2 | C64: ICT product, service or process security certification | K64: =IF(D64<>"",COUNTBLANK(E64:J64),"")
K65: =IF(D65<>"",COUNTBLANK(E65:J65),"")
B66: 5.3 | C66: Technical specifications for products, services, processes | K66: =IF(D66<>"",COUNTBLANK(E66:J66),"")
K67: =IF(D67<>"",COUNTBLANK(E67:J67),"")
B68: 5.4 | C68: Risk assessment and/or assurance level definition experience | K68: =IF(D68<>"",COUNTBLANK(E68:J68),"")
K69: =IF(D69<>"",COUNTBLANK(E69:J69),"")
B70: 5.5 | C70: Establishment, monitoring, maintenance, , review of certification schemes | K70: =IF(D70<>"",COUNTBLANK(E70:J70),"")
K71: =IF(D71<>"",COUNTBLANK(E71:J71),"")
B72: 5.6 | C72: Security audit and/or audit methodology of information systems | K72: =IF(D72<>"",COUNTBLANK(E72:J72),"")
K73: =IF(D73<>"",COUNTBLANK(E73:J73),"")
B74: 5.7 | C74: Security evaluation, conformity assessment, evaluation methodology of ICT products, services and processes | K74: =IF(D74<>"",COUNTBLANK(E74:J74),"")
K75: =IF(D75<>"",COUNTBLANK(E75:J75),"")
B76: 5.8 | C76: Penetration testing of ICT products and / or of information systems (including vulnerability assessment and handling) | K76: =IF(D76<>"",COUNTBLANK(E76:J76),"")
K77: =IF(D77<>"",COUNTBLANK(E77:J77),"")
B78: 5.9 | C78: Secure development lifecycle | K78: =IF(D78<>"",COUNTBLANK(E78:J78),"")
K79: =IF(D79<>"",COUNTBLANK(E79:J79),"")
B80: 5.1 | C80: Risk management / assessments in relation to cybersecurity certification | K80: =IF(D80<>"",COUNTBLANK(E80:J80),"")
K81: =IF(D81<>"",COUNTBLANK(E81:J81),"")
B82: 5.11 | C82: Evaluation of cybersecurity testing and conformity assessment facilities | K82: =IF(D82<>"",COUNTBLANK(E82:J82),"")
K83: =IF(D83<>"",COUNTBLANK(E83:J83),"")
B84: 5.12 | C84: Strategic cybersecurity market analysis | K84: =IF(D84<>"",COUNTBLANK(E84:J84),"")
K85: =IF(D85<>"",COUNTBLANK(E85:J85),"")
B86: 5.13 | C86: Applied research and innovation in trusted solutions | K86: =IF(D86<>"",COUNTBLANK(E86:J86),"")
K87: =IF(D87<>"",COUNTBLANK(E87:J87),"")
B88: 5.14 | C88: Secure labelling of product, services and processes | K88: =IF(D88<>"",COUNTBLANK(E88:J88),"")
K89: =IF(D89<>"",COUNTBLANK(E89:J89),"")
B90: 5.15 | C90: Good practices in market, certification and standardisation | K90: =IF(D90<>"",COUNTBLANK(E90:J90),"")
K91: =IF(D91<>"",COUNTBLANK(E91:J91),"")
B92: 5.16 | C92: Vulnerabilities management of certified products services and processes | K92: =IF(D92<>"",COUNTBLANK(E92:J92),"")
K93: =IF(D93<>"",COUNTBLANK(E93:J93),"")
B94: 5.17 | C94: European and international standardisation governance | K94: =IF(D94<>"",COUNTBLANK(E94:J94),"")
K95: =IF(D95<>"",COUNTBLANK(E95:J95),"")
B96: 5.18 | C96: European and international research agenda | K96: =IF(D96<>"",COUNTBLANK(E96:J96),"")
K97: =IF(D97<>"",COUNTBLANK(E97:J97),"")
B98: SO6 - Strategic Objective: “Foresight on emerging and future cybersecurity challenges” | F98: experience? | G98: no of months? | H98: Project reference | J98: Link to Project / Publication (if available) | K98: =IF(D98<>"",COUNTBLANK(E98:J98),"") | M98: Accepted? (Y / N) | N98: Comments
B99: 6.1 | C99: National and / or EU Cybersecurity Research | K99: =IF(D99<>"",COUNTBLANK(E99:J99),"")
K100: =IF(D100<>"",COUNTBLANK(E100:J100),"")
B101: 6.2 | C101: Forecasting and future studies | K101: =IF(D101<>"",COUNTBLANK(E101:J101),"")
K102: =IF(D102<>"",COUNTBLANK(E102:J102),"")
B103: 6.3 | C103: Horizon scanning | K103: =IF(D103<>"",COUNTBLANK(E103:J103),"")
K104: =IF(D104<>"",COUNTBLANK(E104:J104),"")
...

Sheet DATA
B3: Please Select
B4: Sociology | C4: 1 - 7 years
B5: Organizational Psychology | C5: 8+ years
B6: Psychology and social psychology | C6: YES
B7: Educational studies | C7: NO
B8: Vocational Education and Training (VET)
B9: Economics
B10: Behavioural Sciences
B11: Statistics | C11: Bachelor
B12: Econometrics | C12: Master
B13: Psychometrics | C13: Doctorate / PhD
B14: Data Science
B15: Data Mining
B16: Survey Methodology
B17: Qualitative Data Analysis
B18: Management studies
B19: Teacher Education
B20: Political sciences
B21: Other
B24: Publications
B25: Certificate
B26: Working environment
B28: Please Select
... B66: NOT ACCEPTED
B70: 1
B71: 0.5

Sheet DATA2
A1: Research Area | B1: Field
A2: Initial vocational education and training (IVET) | B2: Early leaving from IVET
A3: Initial vocational education and training (IVET) | B3: NEETs
A4: Initial vocational education and training (IVET) | B4: Inclusive IVET
A5: Initial vocational education and training (IVET) | B5: Excellence in IVET
A6: Initial vocational education and training (IVET) | B6: Centres of vocational excellence
A7: Initial vocational education and training (IVET) | B7: Teachers and trainers professional development
A8: Initial vocational education and training (IVET) | B8: IVET-industry cooperation and/or partnerships
A9: Experiential learning | B9: Work-based learning
A10: Experiential learning | B10: Workplace learning
A11: Experiential learning | B11: Apprenticeship
A12: Experiential learning | B12: Internship
... A84: Survey methodology | B84: Experiments

Sheet DATA3
A1: No. | B1: Research area | C1: Fields (Non-exhaustive)
A2: 1 | B2: Initial vocational education and training (IVET) | C2: Early leaving from IVET; NEETs; inclusive IVET; excellence in IVET; Centres of vocational excellence; teachers and trainers professional development; IVET-industry cooperation and/or partnerships
A3: 2 | B3: Experiential learning | C3: Work-based learning; workplace learning; apprenticeship; internship; project-based learning; community of practice
A4: 3 | B4: Qualifications and credentials | C4: Microcredentials; digital badges/credentials; European Qualifications Framework; National Qualifications Frameworks
A5: 4 | B5: European VET tools and principles | C5: Quality assurance in VET; Validation of informal and non-formal learning; Recognition of qualifications; Credit systems for education and training; Mobility of learners and workers
A6: 5 | B6: Learning outcomes | C6: Learning outcomes design and assessment; Modularisation; Occupational and educational standards; Curriculum; Key/transversal competences in IVET
A7: 6 | B7: VET policies and systems monitoring and analysis | C7: Monitoring VET policies; tracking progress on policy targets; policy analysis and evaluation
A8: 7 | B8: Guidance and counselling | C8: Lifelong career guidance; educational guidance; guidance and school-to-work transition; guidance for reskilling and upskilling of adults; labour market information for guidance
A9: 8 | B9: Continuing training and skills development for adults | C9: Continuing training; adult learning; reskilling and upskilling of adults; learning and skills utilisation in workplaces; training as human resource practice; skills sourcing; learning organizations; financial and non-financial incentives for learning for individuals and/or companies
A10: 9 | B10: Labor market and skills intelligence | C10: Forecasts; foresights; scenario analysis; web intelligence data analysis; sectoral analysis; matching skills demand and supply; outcomes and impact analysis and evaluation
A11: 10 | B11: Qualitative methods | C11: Case studies; narrative interviews; ethnographic studies; grounded theory; stakeholder interviews; focus groups; structured and semi-structured interviews
A12: 11 | B12: Quantitative methods | C12: Data analysis; structural equation modelling; causal analysis; policy evaluation; instrumental variables; data mining; neural and social networks; machine learning; big data
A13: 12 | B13: Survey methodology | C13: Sampling methods; probability and non-probability sampling; questionnaire design; vignettes; experiments
